 Dungeon Crawl Stone Soup version 0.19.0-19-g8c6edcc (webtiles) character file.

113 aggelon the Cudgeler (level 4, -2/41 HPs)
             Began as a Minotaur Fighter on Nov 12, 2016.
             Was a Follower of Cheibriados.
             Slain by Grinder (4 damage)
             ... on level 3 of the Dungeon.
             The game lasted 00:17:41 (1628 turns).

aggelon the Cudgeler (Minotaur Fighter)             Turns: 1628, Time: 00:17:41

Health: -2/41      AC:  6    Str: 22    XL:     4   Next: 65%
Magic:  0/3        EV:  7    Int:  7    God:    Cheibriados [*.....]
Gold:   120        SH:  9    Dex: 13    Spells: 0 memorised, 3 levels left

rFire  . . .     SeeInvis .     a - +1 flail
rCold  . . .     Gourm    .     b - +0 scale mail
rNeg   . . .     Faith    .     c - +0 shield
rPois  .         Spirit   .     (helmet restricted)
rElec  .         Reflect  .     (no cloak)
rCorr  .         Harm     .     (no gloves)
MR     .....                    (no boots)
Stlth  ..........               (no amulet)
                                (no ring)
                                (no ring)

@: very slow
A: retaliatory headbutt, horns 2
a: Bend Time, Renounce Religion


You were on level 3 of the Dungeon.
You worshipped Cheibriados.
Cheibriados was aware of your devotion.
You were not hungry.

You visited 1 branch of the dungeon, and saw 3 of its levels.

You collected 120 gold pieces.

Inventory:

Hand Weapons
 a - a +1 flail (weapon)
Missiles
 e - 41 arrows
Armour
 b - a +0 scale mail (worn)
 c - a +0 shield (worn)
 l - a +1 helmet
Jewellery
 k - an uncursed amulet of the gourmand {unknown}
Potions
 d - a potion of might
 h - a potion of berserk rage
Comestibles
 f - 2 bread rations
 g - a chunk of flesh
 i - 2 meat rations
 j - 3 fruits


   Skills:
 - Level 4.5 Fighting
 * Level 4.9 Maces & Flails
 - Level 3.6 Armour
 - Level 3.6 Shields
 * Level 1.2 Invocations


You had 3 spell levels left.
You didn't know any spells.

Dungeon Overview and Level Annotations

Branches:
Dungeon (3/15)

Altars:
Cheibriados

Annotations:
D:3 Grinder


Innate Abilities, Weirdness & Mutations

You reflexively headbutt those who attack you in melee.
You have a pair of horns on your head.


Message History

Grinder hits you!
You writhe in agony.
You closely miss Grinder. Your headbutt misses Grinder.
Grinder is moderately wounded.
You block Grinder's attack.
You hit Grinder but do no damage.
Grinder is moderately wounded.
Grinder closely misses you. You block Grinder's attack.
You barely miss Grinder. You headbutt Grinder, but do no damage.
Grinder is moderately wounded.
Grinder hits you.
You writhe in agony.
* * * LOW HITPOINT WARNING * * *
The flow of time bends around you.
Grinder resists with some effort.
You feel slightly more hungry. Grinder hits you.
* * * LOW HITPOINT WARNING * * *
You writhe in agony.
* * * LOW HITPOINT WARNING * * *
You hit Grinder. You headbutt Grinder.
Grinder is heavily wounded.
Grinder hits you.
You die...

...?#..#.......
# #.............
#.#.............
#[............<.
...............
#...........
#..<..#
#.....###..
#..@.......
###5#....#.
....##... ......
##.. ........ .
.........#
...$......#
...........#


You could see Grinder.

Vanquished Creatures
  Crazy Yiuf (D:2)
  Robin (D:2)
  An adder (D:2)
  A worm (D:2)
  2 dart slugs (D:1)
  A leopard gecko (D:2)
  An orc (D:3)
  A ball python (D:2)
  7 bats
  3 giant cockroaches (D:1)
  16 goblins
  7 hobgoblins
  A frilled lizard (D:1)
  2 kobolds (D:2)
  6 rats
51 creatures vanquished.

Notes
Turn   | Place    | Note
-------+----------+-------------------------------------------
     0 | D:1      | aggelon the Minotaur Fighter began the quest for the Orb.
     0 | D:1      | Reached XP level 1. HP: 19/19 MP: 0/0
   237 | D:1      | Reached XP level 2. HP: 27/27 MP: 1/1
   749 | D:2      | Reached XP level 3. HP: 34/34 MP: 2/2
   773 | D:2      | Found a snail-covered altar of Cheibriados.
   781 | D:2      | Became a worshipper of Cheibriados the Contemplative
   885 | D:2      | Noticed Robin
   917 | D:2      | Killed Robin
   917 | D:2      | Reached XP level 4. HP: 29/41 MP: 3/3
  1056 | D:2      | Reached * piety under Cheibriados
  1137 | D:2      | Found a runed door.
  1141 | D:2      | Noticed Crazy Yiuf
  1165 | D:2      | Killed Crazy Yiuf
  1165 | D:2      | Reached skill level 1 in Invocations
  1580 | D:3      | Noticed Grinder
  1586 | D:3      | Paralysed by Grinder for 7 turns
  1597 | D:3      | Paralysed by Grinder for 4 turns
  1605 | D:3      | Paralysed by Grinder for 3 turns
  1627 | D:3      | HP: 2/41 [Grinder (1)]
  1628 | D:3      | Slain by Grinder

Skill      XL: |  1  2  3  4 |
---------------+-------------+-----
Fighting       | 4 |  4.5
Maces & Flails | 3 4 |  4.9
Invocations    | 1 |  1.2
Armour         | |  3.6
Shields        | |  3.6

Action                   |  1- 3 |  4- 6 || total
-------------------------+-------+-------++-------
Melee: Flail             |    85 |    36 ||   121
       Headbutt          |    11 |     8 ||    19
Invok: Bend Time         |       |     3 ||     3
  Use: Scroll            |     4 |       ||     4
       Potion            |     3 |       ||     3
  Eat: Fruit             |       |     1 ||     1
       Chunk             |       |     1 ||     1
Armor: Scale mail        |    30 |     5 ||    35
Dodge: Dodged            |    22 |     2 ||    24
Block: Shield            |    55 |    13 ||    68
